 Dungeon Crawl Stone Soup version 0.23-a0-642-g3120c2f (webtiles) character file.

11364 George the Carver (level 11, -5/97 HPs)
             Began as a Minotaur Fighter on Dec 30, 2018.
             Was a High Priest of Okawaru.
             Slain by Snorg (7 damage)
             ... on level 11 of the Dungeon.
             The game lasted 00:16:11 (10525 turns).

George the Carver (Minotaur Fighter)               Turns: 10525, Time: 00:16:12

Health: -5/97      AC: 11    Str: 25    XL:     11   Next: 48%
Magic:  0/24       EV: 10    Int:  5    God:    Okawaru [*****.]
Gold:   368        SH: 12    Dex:  9    Spells: 10/10 levels left

rFire    . . .     SeeInvis .   F - +1 falchion (venom)
rCold    . . .     Gourm    .   c - +0 shield
rNeg     . . .     Faith    .   r - +0 chain mail
rPois    .         Spirit   +   (helmet restricted)
rElec    .         Reflect  .   O - scarf {Spirit}
rCorr    .         Harm     .   (no gloves)
MR       +....                  (no boots)
Stlth    ..........             a - amulet of regeneration
HPRegen  0.66/turn              m - ring of protection from magic
MPRegen  0.19/turn              I - ring of magical power

@: no status effects
A: retaliatory headbutt, horns 2
a: Heroism, Finesse, Renounce Religion


You were on level 11 of the Dungeon.
You worshipped Okawaru.
Okawaru was extremely pleased with you.
You were not hungry.

You visited 2 branches of the dungeon, and saw 12 of its levels.

You collected 368 gold pieces.

Inventory:

Hand Weapons
 q - a +0 hand axe of flaming
 v - a +0 rapier
 F - a +1 falchion of venom (weapon)
Armour
 c - a +0 shield (worn)
 l - a scarf of repulsion
 r - a +0 chain mail (worn)
 z - a +0 large shield
 O - a scarf of spirit shield (worn)
Jewellery
 a - an amulet of regeneration (around neck)
 m - a ring of protection from magic (left hand)
 B - an uncursed ring of positive energy
 C - an uncursed amulet of guardian spirit
 E - an uncursed ring of see invisible
 I - a ring of magical power (right hand)
Wands
 i - a wand of digging (9)
 n - a wand of flame (13)
 o - a wand of disintegration (5)
 G - a wand of acid (12)
 H - a wand of scattershot (6)
 K - a wand of paralysis (9)
 M - a wand of iceblast (9)
Scrolls
 g - a scroll of fear
 h - 11 scrolls of teleportation
 k - 2 scrolls of enchant armour {unknown}
 p - 7 scrolls of remove curse
 x - 3 scrolls of amnesia {unknown}
 y - 3 scrolls of magic mapping {unknown}
 A - a scroll of random uselessness {unknown}
 D - 4 scrolls of vulnerability {unknown}
 J - a scroll of identify
Potions
 b - a potion of flight
 d - 3 potions of might
 e - 2 potions of agility
 j - 4 potions of mutation
 t - a potion of haste
 u - 4 potions of curing
 w - a potion of magic
 L - a potion of cancellation
Comestibles
 f - 15 rations
 s - 6 chunks of flesh


   Skills:
 + Level 9.3 Fighting
 + Level 10.8 Long Blades
 + Level 9.4 Armour
 + Level 7.9 Dodging
 + Level 9.4 Shields
 + Level 7.1 Invocations


You had 10 spell levels left.
You didn't know any spells.
Your spell library contained the following spells:

 Spells                   Type           Power        Failure   Level  Hunger
 Animate Skeleton         Necr           N/A          99%         1    ##.....
 Apportation              Tloc           #.....       99%         1    ##.....
 Beastly Appendage        Tmut           #.....       99%         1    ##.....
 Confusing Touch          Hex            #.....       99%         1    ##.....
 Corona                   Hex            #......      99%         1    ##.....
 Infusion                 Chrm           #...         99%         1    ##.....
 Summon Small Mammal      Summ           #...         99%         1    ##.....
 Shroud of Golubria       Chrm/Tloc      #.........   100%        2    ###....
 Slow                     Hex            #.......     100%        2    ###....
 Song of Slaying          Chrm           #.......     100%        2    ###....
 Sticks to Snakes         Tmut           #.......     100%        2    ###....
 Inner Flame              Hex/Fire       #.......     100%        3    ####...
 Portal Projectile        Hex/Tloc       #.....       100%        3    ####...
 Regeneration             Chrm/Necr      #.........   100%        3    ####...
 Spectral Weapon          Hex/Chrm       #.......     100%        3    ####...
 Spider Form              Tmut/Pois      #.........   100%        3    ####...
 Cause Fear               Hex            #.........   100%        4    #####..
 Ice Form                 Ice/Tmut       #.......     100%        4    #####..
 Leda's Liquefaction      Hex/Erth       #.........   100%        4    #####..
 Sticky Flame             Conj/Fire      #.......     100%        4    #####..
 Blade Hands              Tmut           #.........   100%        5    ######.
 Bolt of Magma            Conj/Fire/Erth #.........   100%        5    ######.
 Ignition                 Fire           #.........   100%        8    #######


Dungeon Overview and Level Annotations

Branches:
Dungeon (11/15)            Temple (1/1) D:7            Lair (0/6) D:9
    Orc (0/2) D:9

Altars:
Ashenzari
Cheibriados
Dithmenos
Elyvilon
Fedhas
Gozag
Hepliaklqana
Kikubaaqudgha
Makhleb
Nemelex Xobeh
Okawaru
Qazlal
Ru
Sif Muna
Trog
Uskayaw
Vehumet
Wu Jian
Xom
Yredelemnul
Zin
The Shining One

Shops:
D:4 *   D:7 *   D:10 %

Annotations:
D:11 Snorg


Innate Abilities, Weirdness & Mutations

You reflexively headbutt those who attack you in melee.
You have a pair of horns on your head.


Message History

You closely miss Snorg. Your headbutt misses Snorg.
Snorg is moderately wounded.
Snorg bites you! Snorg claws you.
* * * LOW HITPOINT WARNING * * *
Snorg misses you. Snorg bites you!
* * * LOW HITPOINT WARNING * * *
Snorg claws you.
* * * LOW HITPOINT WARNING * * *
You block Snorg's attack. You block Snorg's attack.
Snorg claws you but does no damage. x2
You block Snorg's attack. Snorg claws you!
* * * LOW HITPOINT WARNING * * *
You block Snorg's attack.
You don't have enough magic at the moment.
You closely miss Snorg. You headbutt Snorg.
Snorg is heavily wounded.
Snorg bites you.
* * * LOW HITPOINT WARNING * * *
Snorg claws you!
You die...

#.###.####..#####
#^..... #.# #.#
#......# #......
###.###.####..##....
#.....)
###......>............
#......
#.........####..##....
###.... ####.......#
##.# ... #..##
...........#####.# ..
#<.#
..............(..# .
##.#
..........######@# #.
..........# #T#
####......# #.#
##.###.# #.# #.# #.#
#.# ...
................
#########...... ......
.....


You could see Snorg (berserk).

Vanquished Creatures
  Harold (D:10)
  3 two-headed ogres
  Pikel (D:4)
  An ugly thing (D:11)
  A gargoyle (D:10)
  A troll (D:8)
  5 slime creatures
  A hippogriff (D:10)
  9 yaks
  Grum (D:10)
  A wyvern (D:10)
  2 hungry ghosts
  A water moccasin (D:7)
  2 ice beasts (D:9)
  2 orc warriors
  3 phantoms
  A slave (D:4)
  3 centaurs
  2 wolves (D:10)
  5 bullfrogs
  A scorpion (D:5)
  5 wights (D:6)
  14 killer bees
  3 centaur zombies
  3 crimson imps
  A jelly (D:8)
  A quasit (D:6)
  5 bullfrog zombies
  8 hounds
  4 centaur skeletons
  5 orc priests
  5 orc wizards
  5 bullfrog skeletons
  2 iguanas
  9 worker ants
  A killer bee zombie (D:9)
  4 hound zombies
  3 worker ant zombies
  3 howler monkey zombies (D:4)
  4 gnolls
  2 howler monkey skeletons (D:4)
  5 adders
  2 shadow imps
  An ooze (D:2)
  An adder skeleton (D:10)
  2 adder zombies (D:4)
  2 dart slugs
  2 worms (D:2)
  5 leopard geckos
  30 orcs
  3 ball pythons
  10 bats
  6 giant cockroaches
  9 goblins
  7 hobgoblins
  6 jackals
  5 kobolds
  A quokka (D:9)
  5 frilled lizards
  A giant cockroach zombie (D:4)
  A jackal skeleton (D:4)
  A leopard gecko skeleton (D:4)
  2 leopard gecko zombies (D:4)
  5 quokka zombies
  5 rats
251 creatures vanquished.

Vanquished Creatures (others)
  5 fungi (D:9)
  3 plants (D:9)
8 creatures vanquished.

Grand Total: 259 creatures vanquished

Notes
Turn   | Place    | Note
-------+----------+-------------------------------------------
     0 | D:1      | George the Minotaur Fighter began the quest for the Orb.
     0 | D:1      | Reached XP level 1. HP: 19/19 MP: 0/0
    78 | D:1      | Reached skill level 3 in Long Blades
    97 | D:1      | Reached XP level 2. HP: 16/26 MP: 1/1
   144 | D:1      | Reached skill level 4 in Long Blades
   212 | D:1      | Reached XP level 3. HP: 27/31 MP: 2/2
   974 | D:2      | Reached skill level 5 in Long Blades
  1222 | D:2      | Reached XP level 4. HP: 32/39 MP: 3/3
  1579 | D:2      | Found a hazy altar of Hepliaklqana.
  1586 | D:2      | Found a shattered altar of Ashenzari.
  1591 | D:2      | Found an opulent altar of Gozag.
  1598 | D:2      | Found a sacrificial altar of Ru.
  1603 | D:2      | Found a snail-covered altar of Cheibriados.
  1623 | D:2      | Found a shimmering altar of Xom.
  1630 | D:2      | Found a glowing silver altar of Zin.
  1700 | D:3      | Reached skill level 6 in Long Blades
  2086 | D:3      | Reached XP level 5. HP: 42/45 MP: 4/4
  2087 | D:3      | Found a bloodstained altar of Trog.
  2346 | D:4      | Found an iron altar of Okawaru.
  2422 | D:4      | Became a worshipper of Warmaster Okawaru
  2471 | D:4      | Reached skill level 7 in Long Blades
  2471 | D:4      | Reached XP level 6. HP: 46/52 MP: 5/5
  2518 | D:4      | Reached skill level 1 in Dodging
  2555 | D:4      | Reached skill level 1 in Invocations
  2568 | D:4      | Found a shadowy altar of Dithmenos.
  2590 | D:4      | Reached * piety under Okawaru
  2615 | D:4      | Found Ymaet's Assorted Antiques.
  2923 | D:4      | Reached XP level 7. HP: 57/60 MP: 7/7
  3237 | D:5      | Entered Level 5 of the Dungeon
  3238 | D:5      | Noticed Pikel
  3274 | D:4      | Killed Pikel
  3274 | D:4      | Reached skill level 5 in Fighting
  3274 | D:4      | Reached skill level 5 in Armour
  3274 | D:4      | Reached skill level 5 in Shields
  3274 | D:4      | Reached XP level 8. HP: 51/68 MP: 7/9
  3297 | D:5      | Reached ** piety under Okawaru
  3582 | D:5      | Reached skill level 8 in Long Blades
  4670 | D:6      | Reached *** piety under Okawaru
  5609 | D:7      | Found Ovinuq's General Store.
  5720 | D:7      | Reached XP level 9. HP: 73/75 MP: 11/11
  5819 | D:7      | Found a staircase to the Ecumenical Temple.
  5833 | Temple   | Entered the Ecumenical Temple
  6254 | D:8      | Found a radiant altar of Vehumet.
  6589 | D:8      | Noticed a two-headed ogre
  6631 | D:8      | Killed a two-headed ogre
  6631 | D:8      | Reached **** piety under Okawaru
  6631 | D:8      | Reached skill level 9 in Long Blades
  6631 | D:8      | Reached skill level 5 in Dodging
  6996 | D:9      | Found a stormy altar of Qazlal.
  6999 | D:9      | Found a blossoming altar of Fedhas.
  7000 | D:9      | Noticed a troll
  7053 | D:8      | Killed a troll
  7053 | D:8      | Reached skill level 5 in Invocations
  7305 | D:9      | Found a staircase to the Lair.
  7492 | D:9      | Reached XP level 10. HP: 69/86 MP: 12/12
  7662 | D:9      | Reached ***** piety under Okawaru
  7821 | D:9      | Received a gift from Okawaru
  8361 | D:9      | Found a staircase to the Orcish Mines.
  8432 | D:10     | Entered Level 10 of the Dungeon
  8453 | D:10     | Reached skill level 10 in Long Blades
  8591 | D:10     | Identified the Grimoire of Heat
  8958 | D:9      | HP: 1/88 [large slime creature (19)]
  9210 | D:10     | Found Eminies's Food Boutique.
  9346 | D:10     | Noticed a two-headed ogre
  9377 | D:10     | Killed a two-headed ogre
  9515 | D:10     | Noticed Harold
  9519 | D:10     | Reached XP level 11. HP: 93/95 MP: 14/14
  9531 | D:10     | Killed Harold
  9548 | D:10     | Noticed Grum
  9556 | D:10     | Killed Grum
 10120 | D:11     | Noticed a two-headed ogre
 10129 | D:11     | Killed a two-headed ogre
 10240 | D:11     | Noticed a red ugly thing
 10257 | D:11     | Killed a red ugly thing
 10510 | D:11     | Noticed Snorg
 10525 | D:11     | HP: 2/97 [Snorg (4)]
 10525 | D:11     | Slain by Snorg

Vault maps used:
D:1:      lemuel_arrival_lava_pool, minmay_misc_feat_rows, minivault_19,
          minmay_split_cup_small
D:2:      grunt_temple_overflow_octagram, first_ration
D:3:      marbit_many_paths
D:4:      grunt_dithmenos_shadows, serial_shops, shop, serial_undead,
          serial_undead_f, serial_undead_d, serial_undead_d, serial_undead_c,
          serial_undead_c, serial_undead_e, serial_undead_d, serial_undead_e,
          serial_bayou_pond_e, okawaru_trees_2
D:5:      uniq_pikel
D:6:      kennysheep_generic_room_7
D:7:      minmay_temple_entry_statues_fountains, serial_shops, shop
D:8:      kennysheep_little_box
D:9:      grunt_temple_overflow_forces_of_nature, dpeg_oklobed_lair,
          orc_0_dummy, kennysheep_generic_room_12
D:10:     serial_shops, shop, uniq_harold, uniq_grum
D:11:     uniq_snorg, uniq_maurice
Temple:   chequers_temple_sunken

Skill      XL: |  1  2  3  4  5  6  7  8  9 10 11 |
---------------+----------------------------------+-----
Long Blades    | 3 4 5 6 7 8 9 10 | 10.8
Armour         | 4 5 6 7 8 9 |  9.4
Dodging        | 1 3 4 5 7 |  7.9
Fighting       | 4 5 6 7 8 9 |  9.3
Shields        | 4 5 6 7 8 9 |  9.4
Invocations    | 1 2 4 5 6 7 |  7.1

Action                   |  1- 3 |  4- 6 |  7- 9 | 10-12 || total
-------------------------+-------+-------+-------+-------++-------
Melee: Long sword        |   132 |   139 |   103 |       ||   374
       Headbutt          |    18 |    33 |    70 |   103 ||   224
       Falchion          |       |       |   210 |   429 ||   639
  Use: Scroll            |       |       |    10 |     5 ||    15
  Eat: Chunk             |     1 |     6 |    11 |    10 ||    28
       Ration            |       |       |     1 |     1 ||     2
Armor: Scale mail        |    53 |    11 |       |       ||    64
       Chain mail        |       |    55 |   117 |   111 ||   283
Dodge: Dodged            |    37 |    44 |    97 |   111 ||   289
Block: Shield            |    76 |    83 |   164 |   243 ||   566
       Rpst.: Long sword |    12 |    16 |    10 |       ||    38
       Falchion          |       |       |    16 |    30 ||    46

Table legend:
 A = Non-vault XP
 B = Vault XP
 C = Vault XP percentage of total XP
 D = Non-vault monster count
 E = Vault monster count
 F = Vault count percentage of total count
                 A         B        C        D         E       F
            +---------+---------+-------+---------+---------+-------
      Total |   13675 |    2560 |  15.8 |     217 |      33 |  13.2
            +---------+---------+-------+---------+---------+-------
        D:1 |      55 |       6 |   9.8 |      24 |       3 |  11.1
        D:2 |      53 |       0 |   0.0 |      20 |       0 |   0.0
        D:3 |      82 |       2 |   2.4 |      18 |       1 |   5.3
        D:4 |     121 |    1149 |  90.5 |       9 |      23 |  71.9
        D:5 |     465 |       0 |   0.0 |      14 |       0 |   0.0
        D:6 |     753 |       1 |   0.1 |      23 |       1 |   4.2
        D:7 |     304 |       0 |   0.0 |       7 |       0 |   0.0
        D:8 |    1855 |       0 |   0.0 |      16 |       0 |   0.0
        D:9 |    3280 |      16 |   0.5 |      41 |       1 |   2.4
       D:10 |    3360 |    1386 |  29.2 |      29 |       4 |  12.1
       D:11 |    3347 |       0 |   0.0 |      16 |       0 |   0.0
            +---------+---------+-------+---------+---------+-------
